 Dungeon Crawl Stone Soup version 0.25.0-9-g26727b657a (webtiles) character file.

Game seed: 4614543741841288689

338 mopl the Insei (level 6, 0/34 HPs)
             Began as a Kobold Transmuter on June 18, 2020.
             Succumbed to an adder's poison
             ... on level 3 of the Dungeon.
             The game lasted 00:09:08 (4791 turns).

mopl the Insei (Kobold Transmuter)                  Turns: 4791, Time: 00:09:09

Health: 0/34       AC:  3    Str:  9    XL:     6   Next: 85%
Magic:  11/11      EV: 15    Int: 14    God:
Gold:   134        SH:  0    Dex: 16    Spells: 2/12 levels left

rFire    + . .     SeeInvis .     - Unarmed
rCold    + . .     Gourm    .   (shield restricted)
rNeg     . . .     Faith    .   b - +0 robe
rPois    +         Spirit   .   p - +0 helmet
rElec    +         Reflect  .   (no cloak)
rCorr    +         Harm     .   (no gloves)
MR       .....                  (no boots)
Stlth    +.........             (no amulet)
HPRegen  0.11/turn              (no ring)
MPRegen  0.12/turn              (no ring)

@: lethally poisoned (0 -> -4), resistant
A: small, carnivore
a: no special abilities


You were on level 3 of the Dungeon.
You were completely stuffed.

You visited 1 branch of the dungeon, and saw 4 of its levels.

You collected 134 gold pieces.

Inventory:

Missiles
 a - 59 arrows
 c - 2 boomerangs
 e - 73 stones (quivered)
 l - 3 atropa-tipped darts
 t - 20 sling bullets
 u - 7 poisoned darts
Armour
 b - a +0 robe (worn)
 p - a +0 helmet (worn)
Scrolls
 h - 2 scrolls of enchant armour {unknown}
 i - 3 scrolls of remove curse {unknown}
 j - 2 scrolls of magic mapping {unknown}
 k - a scroll of amnesia {unknown}
 m - a scroll of fog {unknown}
 n - a scroll of fear {unknown}
 q - a scroll of identify {unknown}
Potions
 g - a potion of heal wounds {unknown}
 o - a potion of flight
 s - a potion of lignification {unknown}
Comestibles
 d - 5 rations
 f - a chunk of flesh


   Skills:
 - Level 1.1 Fighting
 - Level 2.4 Dodging
 * Level 5.0 Unarmed Combat
 + Level 3.5 Spellcasting
 + Level 3.4 Transmutations
 + Level 1.4 Ice Magic
 - Level 2.0 Poison Magic


You had 2 spell levels left.
You knew the following spells:

 Your Spells              Type           Power        Failure   Level  Hunger
a - Beastly Appendage     Tmut           ##....       4%          1    #......
b - Spider Form           Tmut/Pois      ##........   21%         3    ###....
c - Ice Form              Ice/Tmut       #.......     58%         4    #####..
w - Sticks to Snakes      Tmut           ##......     8%          2    ##.....

Your spell library contained the following spells:

 Spells                   Type           Power        Failure   Level  Hunger
 Blade Hands              Tmut           ##........   80%         5    ######.


Dungeon Overview and Level Annotations

Branches:
Dungeon (4/15)
 Temple: D:4-7

Altars:
Gozag
Ru

Annotations:
D:4 Menkaure


Innate Abilities, Weirdness & Mutations

You are small and have problems with some larger weapons.
You are carnivorous and can eat meat at any time.


Message History

Your transformation has ended.
Your +0 helmet unmelds from your body.
Your +0 robe unmelds from your body.
The adder completely misses you. The adder barely misses you.
The adder barely misses you.
Menkaure casts a spell.
Menkaure seems to speed up.
The adder closely misses you.
There is a stone staircase leading up here.
Menkaure calls on the powers of darkness!
You feel a surge of unholy energy. The adder bites you.
* * * LOW HITPOINT WARNING * * *
You are lethally poisoned!
The adder poisons you!
You climb upwards.
* * * LOW HITPOINT WARNING * * *
You feel sick.
There is a stone staircase leading down here.
It was a potion of resistance.
You feel protected.
You die...

#............#######.# #.#
#............#.......# #.#
###............#.###########.#
#........#####)#'#...........#
#........#................####
#........#.####..........>#
'........#.#..+...[.......#
#........#.#.##...........#
#........#.#.#..@.........#
######.###.#...S..........#
#.# #.####.)[........# # #.#
#....'...........# # #.#
######...........# ######.#
#...........# .......#
######...........# ########
#........######### #######
#........#


You could see an adder (poisoned).

Vanquished Creatures
  2 orc wizards
  Natasha (thrice) (D:2)
  Robin (D:2)
  4 gnolls (D:3)
  6 adders
  A dart slug (D:3)
  2 leopard geckos (D:1)
  8 orcs (D:3)
  4 bats
  3 giant cockroaches
  13 goblins
  14 hobgoblins
  6 jackals
  3 quokkas
  2 ball pythons
  4 frilled lizards
  8 kobolds
  11 rats
95 creatures vanquished.

Notes
Turn   | Place    | Note
-------+----------+-------------------------------------------
     0 | D:1      | mopl the Kobold Transmuter began the quest for the Orb.
     0 | D:1      | Reached XP level 1. HP: 12/12 MP: 3/3
   465 | D:1      | Reached XP level 2. HP: 12/16 MP: 1/5
   469 | D:1      | Learned a level 2 spell: Sticks to Snakes
   885 | D:1      | Reached XP level 3. HP: 8/20 MP: 3/6
  1085 | D:1      | Learned a level 3 spell: Spider Form
  1685 | D:2      | Noticed Robin
  1716 | D:2      | Killed Robin
  1716 | D:2      | Reached XP level 4. HP: 18/25 MP: 1/8
  1767 | D:2      | Reached skill level 4 in Unarmed Combat
  1767 | D:2      | Reached skill level 1 in Poison Magic
  1769 | D:2      | Found a sacrificial altar of Ru.
  1774 | D:2      | Noticed Natasha
  1954 | D:2      | Killed Natasha
  1954 | D:2      | Reached XP level 5. HP: 22/29 MP: 2/9
  1973 | D:2      | Learned a level 4 spell: Ice Form
  2041 | D:2      | Noticed Natasha
  2058 | D:2      | Killed Natasha
  2078 | D:2      | Noticed Natasha
  2085 | D:2      | Killed Natasha
  2720 | D:2      | HP: 2/43 [poisoned by an adder]
  3126 | D:3      | Reached XP level 6. HP: 32/34 MP: 6/10
  3319 | D:3      | Reached skill level 1 in Ice Magic
  4042 | D:3      | Reached skill level 5 in Unarmed Combat
  4756 | D:4      | Found an opulent altar of Gozag.
  4761 | D:4      | Noticed Menkaure
  4790 | D:3      | HP: 1/34 [poisoned by an adder]
  4791 | D:3      | Succumbed to an adder's poison

Illustrated notes

Levels and vault maps discovered:
D:1:      minmay_arrival_cross, layout_loops_ring, hangedman_decor_lopped
D:2:      layout_loops_cross, nicolae_ru_great_annihilating_truth, uniq_robin,
          uniq_natasha
D:3:      layout_basic
D:4:      cheibrodos_barr_body, layout_rooms, grunt_gozag_statues, first_ration,
          corexii_checkpoint_b, roderic_st_hans_cross, minmay_quadrilaterals,
          uniq_menkaure

Skill      XL: |  1  2  3  4  5  6 |
---------------+-------------------+-----
Unarmed Combat | 4 5 |  5.0
Poison Magic   | 1 2 |  2.0
Spellcasting   | 3 |  3.5
Transmutations | 3 |  3.4
Ice Magic      | 1 |  1.4
Fighting       | |  1.1
Dodging        | |  2.4

Action                   |  1- 3 |  4- 6 || total
-------------------------+-------+-------++-------
Melee: Unarmed           |   116 |   183 ||   299
       Headbutt          |     4 |       ||     4
       Kick              |     4 |     2 ||     6
       Punch             |       |     1 ||     1
 Cast: Beastly Appendage |    23 |     2 ||    25
       Spider Form       |     3 |    24 ||    27
 Abil: End Transformatio |       |     2 ||     2
  Use: Potion            |       |     4 ||     4
 Stab: Sleeping          |     1 |     3 ||     4
       Invisible         |       |     1 ||     1
       Paralysed         |       |     1 ||     1
  Eat: Chunk             |    11 |    14 ||    25
Armor: Robe              |    12 |    10 ||    22
       Skin              |     1 |     7 ||     8
Dodge: Dodged            |    78 |   164 ||   242
